 Dungeon Crawl Stone Soup version 0.18-a0-1308-g45b86c9 (webtiles) character file.

125082 Reinor the Imperceptible (level 16, -3/85 HPs)
             Began as a Spriggan Abyssal Knight on Feb 13, 2016.
             Was the Champion of Lugonu.
             Shot with a bolt by a naga sharpshooter (31 damage)
             ... on level 1 of the Snake Pit.
             The game lasted 02:10:02 (32697 turns).

Reinor the Imperceptible (Spriggan Abyssal Knight) Turns: 32697, Time: 02:10:02

Health: -3/85      AC:  6    Str:  8    XL:     16   Next: 40%
Magic:  9/29       EV: 36    Int: 20    God:    Lugonu [******]
Gold:   1309       SH: 13    Dex: 26    Spells: 9 memorised, 4 levels left

rFire  . . .     SeeInvis +     w - +9 quick blade (distort)
rCold  + . .     Gourm    .     N - +1 robe of the Sailor {rC+ rN+ Dex+5}
rNeg   + + .     Faith    .     F - +2 buckler
rPois  .         Spirit   .     (helmet restricted)
rElec  .         Dismiss  .     H - +2 cloak
rCorr  .         Reflect  +     (gloves unavailable)
SustAt .         Harm     .     (boots unavailable)
MR     ++...                    v - +2 amulet of reflection
Stlth  ++++++++++               S - ring of Xoatizoi {rN+ Dex+5 Stlth+}
                                (no ring)

@: studying 2 skills, very quick, very resistant to hostile enchantments,
uncannily stealthy
A: unfitting armour, see invisible, herbivore 3, speed 3, slow metabolism 2
a: Depart the Abyss, Bend Space, Banish, Corrupt, Enter the Abyss, Renounce
Religion


You were on level 1 of the Snake Pit.
You worshipped Lugonu.
Lugonu was exalted by your worship.
You were very hungry.

You visited 6 branches of the dungeon, and saw 28 of its levels.
You visited the Abyss 1 time.
You also visited: Bailey and Ice Cave.

You collected 3457 gold pieces.
You spent 2148 gold pieces at shops.

Inventory:

Hand Weapons
 i - the +7 blowgun of the Six Souls {evade, Str+4}
   (You bought it in a shop on level 8 of the Dungeon)

   It affects your evasion (+5 to EV).
   It affects your strength (+4).
 w - a +9 quick blade of distortion (weapon)
Missiles
 a - 3 throwing nets
 h - 8 tomahawks of returning (quivered)
 k - 84 poisoned needles
 n - 540 arrows
Armour
 D - a +0 robe of resistance
 F - a +2 buckler (worn)
 H - a +2 cloak (worn)
 N - the +1 robe of the Sailor (worn) {rC+ rN+ Dex+5}
   (You found it on level 10 of the Dungeon)

   It affects your dexterity (+5).
   It protects you from cold.
   It protects you from negative energy.
Jewellery
 v - a +2 amulet of reflection (around neck)
 z - an uncursed ring of flight
 S - the ring of Xoatizoi (right hand) {rN+ Dex+5 Stlth+}
   (You found it on level 11 of the Dungeon)

   [ring of stealth]

   It affects your dexterity (+5).
   It protects you from negative energy.
   It makes you more stealthy.
Wands
 y - a wand of confusion (27/48)
 B - a wand of heal wounds (4/9)
 I - a wand of confusion (9/48)
 P - a wand of lightning (12/15)
 V - a wand of disintegration (20/24)
 Y - a wand of acid (14/15)
Scrolls
 b - a scroll of magic mapping
 g - 6 scrolls of fog
 j - 6 scrolls of enchant armour
 m - 2 scrolls of identify
 o - 4 scrolls of immolation
 q - 8 scrolls of remove curse
 t - 5 scrolls of enchant weapon
 u - 9 scrolls of teleportation
 A - 3 scrolls of summoning
 C - 3 scrolls of fear
 O - 7 scrolls of amnesia
Potions
 d - 2 potions of resistance
 f - a potion of cancellation
 p - 6 potions of curing
 r - 5 potions of brilliance
 s - 4 potions of flight
 x - 2 potions of heal wounds
 J - a potion of agility
 K - 2 potions of might
 M - a potion of invisibility
 X - a potion of lignification
Books
 l - a book of Summonings

   Spells                             Type                      Level
   a - Recall                         Summoning/Translocation      3
   b - Aura of Abjuration             Summoning                    5
   c - Summon Demon                   Summoning                    5
   d - Summon Forest                  Summoning/Translocation      5
   e - Summon Mana Viper              Hexes/Summoning              5
   f - Shadow Creatures               Summoning                    6
 L - a book of Dreams

   Spells                             Type                      Level
   a - Ensorcelled Hibernation        Hexes/Ice                    2
   b - Silence                        Hexes/Air                    5
   c - Darkness                       Hexes                        6
   d - Mass Confusion                 Hexes                        6
   e - Shadow Creatures               Summoning                    6
 Q - a manual of Fighting
 T - a manual of Shields
 W - a book of Maledictions

   Spells                             Type                      Level
   a - Corona                         Hexes                        1
   b - Ensorcelled Hibernation        Hexes/Ice                    2
   c - Confuse                        Hexes                        3
   d - Tukima's Dance                 Hexes                        3
   e - Dazzling Spray                 Conjuration/Hexes            3
 Z - a book of Geomancy

   Spells                             Type                      Level
   a - Sandblast                      Earth                        1
   b - Passwall                       Transmutation/Earth          2
   c - Stone Arrow                    Conjuration/Earth            3
   d - Petrify                        Transmutation/Earth          4
   e - Lee's Rapid Deconstruction     Earth                        5
Miscellaneous
 R - an ornate deck of wonders {Wild Magic}
Comestibles
 c - 14 bread rations
 G - 4 fruits


   Skills:
 - Level 10.0 Fighting
 - Level 12.0 Short Blades
 - Level 6.0 Throwing
 - Level 15.0 Dodging
 - Level 21.0 Stealth
 - Level 7.2 Shields
 + Level 8.4 Spellcasting
 - Level 12.0 Hexes
 - Level 10.0 Transmutations
 - Level 5.0 Earth Magic
 + Level 7.1 Invocations
 - Level 5.0 Evocations


You had 4 spell levels left.
You knew the following spells:

 Your Spells              Type           Power        Failure   Level  Hunger
a - Fulminant Prism       Conj/Hex       ####......   10%         4    ###....
b - Ensorcelled Hibernat  Hex/Ice        ####..       1%          2    None
c - Dazzling Spray        Conj/Hex       ####....     1%          3    None
d - Petrify               Trmt/Erth      #####...     4%          4    ###....
e - Repel Missiles        Chrm/Air       #.....       14%         2    None
f - Metabolic Englaciati  Hex/Ice        ####......   21%         5    #####..
g - Tukima's Dance        Hex            ######..     1%          3    None
h - Passwall              Trmt/Erth      #####.....   1%          2    None
i - Blink                 Tloc           N/A          14%         2    None


Dungeon Overview and Level Annotations

Branches:
Dungeon (15/15)            Temple (1/1) D:4            Lair (8/8) D:8
 Shoals (0/4) Lair:3        Snake (1/4) Lair:4        Slime (0/6) Lair:6
    Orc (2/2) D:12            Elf (1/3) Orc:2        Vaults (0/5) D:14
 Depths (0/5) D:15

Altars:
Ashenzari
Cheibriados
Makhleb
Nemelex Xobeh
Qazlal
Sif Muna
Trog
Xom
Yredelemnul
Beogh
Jiyva

Shops:
D:7 (   D:8 *   D:9 *   D:11 (   Orc:2 *:[

Portals:
Trove: D:12 (give +5 fire dragon armour)

Annotations:
D:11 exclusion: orange crystal statue


Innate Abilities, Weirdness & Mutations

You are tiny and cannot use many weapons and most armour.
You have supernaturally acute eyesight.
You are an herbivore.
You cover ground extremely quickly.
You need consume almost no food.


Message History

A shock serpent comes into view.
The naga sharpshooter shoots a bolt.
The bolt hits you!!
The shock serpent hisses angrily.
You strike the helpless naga warrior from behind!
You perforate the naga warrior like a sieve!!!
Space bends around the naga warrior.
The naga warrior is severely wounded.
The naga warrior blocks your attack.
The naga warrior is severely wounded.
You puncture the naga warrior!
Space bends around the naga warrior.
The naga warrior is almost dead.
The naga sharpshooter casts a spell.
The naga sharpshooter magically shoots a bolt.
The bolt hits you!!
You see here 2 bolts.
You hit the naga warrior.
The naga warrior is almost dead.
The naga warrior disappears!
The naga sharpshooter shoots a bolt.
The bolt hits you!!
You die...

#....# #...)###....)
##(... #...###..)...
#....# #...###......
#....# ##...##.......
#....# #....##.......
#....###.............
#....(............###
#................##
#)N.@....(........#
#(((.................
#...§S................
#.....................
#.....................
#..........)..........
#............
#.........%.#
#...........


You could see a naga sharpshooter and a shock serpent.

Vanquished Creatures
  A frost giant (IceCv)
  2 orc warlords
  7 hydras
  2 centaur warriors (D:13)
  Erolcha (Orc:1)
  2 catoblepae (Lair:8)
  Erica (D:8)
  3 ogre magi
  13 death yaks
  A naga sharpshooter (Snake:1)
  Urug (Lair:3)
  5 orc high priests
  A deep elf knight (Elf:1)
  Nergalle (Lair:3)
  5 skeletal warriors
  3 unseen horrors
  A deep elf archer (D:14)
  9 hill giants
  A mana viper (Snake:1)
  6 orc knights
  2 wolf spider zombies
  The ghost of Reinor the Covert, a novice SpAK of Lugonu (Bailey)
  15 deep elf magi
  3 griffons
  3 cyclopes
  7 ugly things
  7 orc sorcerers
  2 wizards (D:15)
  2 manticores
  3 elephants (Lair:8)
  Joseph (D:7)
  A naga mage (D:15)
  6 black mambas
  8 spiny frogs
  4 kobold demonologists
  An efreet (D:15)
  4 komodo dragons
  A freezing wraith (D:14)
  A fire drake (Lair:8)
  A tengu conjurer (D:14)
  13 polar bears (IceCv)
  6 trolls
  4 two-headed ogres
  9 blink frogs (Lair:7)
  4 boulder beetles
  3 water elementals
  3 shadows
  2 centaur simulacra (D:14)
  Sigmund (D:2)
  2 vampires
  51 yaks
  A wraith (D:10)
  3 wyverns
  5 basilisks
  4 hungry ghosts
  11 hippogriffs
  9 vampire mosquitoes
  27 wolves
  2 steam dragons
  5 wargs
  A mottled dragon (D:15)
  2 nagas (Snake:1)
  11 porcupines
  50 orc warriors
  16 water moccasins
  A sky beast (D:6)
  12 ice beasts
  16 ogres
  2 phantoms (D:13)
  17 centaurs
  13 crocodiles
  4 big kobolds
  17 giant frogs
  3 scorpions
  2 wyvern skeletons
  13 killer bees
  15 wights
  8 electric eels
  13 crimson imps
  3 giant frog zombies
  2 centaur zombies
  6 centaur skeletons
  A jelly (D:11)
  25 orc wizards
  Crazy Yiuf (D:5)
  2 giant frog skeletons
  8 hounds
  23 orc priests
  7 iguanas
  Ijyb (D:2)
  5 hell rats
  8 worker ants
  24 sheep
  A killer bee zombie (D:7)
  A hound skeleton (D:6)
  2 worker ant zombies
  12 gnolls
  16 adders
  32 river rats
  6 shadow imps
  An adder zombie (D:6)
  4 oozes
  2 adder skeletons
  A worm (D:2)
  9 giant geckos
  118 orcs
  4 ball pythons
  9 bats
  8 giant cockroaches
  12 goblins
  15 hobgoblins
  6 jackals
  11 quokkas
  A giant gecko skeleton (D:6)
  5 giant newts
  A jackal skeleton (D:6)
  12 kobolds
  2 quokka skeletons
  A quokka zombie (D:5)
  10 rats
938 creatures vanquished.

Vanquished Creatures (others)
  The ghost of WhatIsLove the Fighter, a journeyman DsMo of Cheibriados (Lair:1)
  A centaur warrior (D:15)
  2 catoblepae
  A tengu warrior (D:14)
  An orc high priest (Orc:2)
  7 death yaks
  2 skeletal warriors (D:13)
  2 deep elf archers (Elf:1)
  An orc knight (Orc:2)
  3 deep elf magi
  A wolf spider zombie (D:15)
  A griffon (Lair:3)
  An ugly thing (D:15)
  An orc sorcerer (D:15)
  2 wizards
  An ice statue (IceCv)
  A spiny frog (Lair:2)
  2 demonic crawlers (D:15)
  A komodo dragon (Lair:3)
  3 polar bears
  7 yaks
  A water elemental (D:12)
  A hippogriff (Lair:5)
  5 wolves
  A warg (Orc:2)
  A mottled dragon (D:13)
  4 orc warriors
  An ogre (Orc:2)
  A centaur (D:13)
  A big kobold (D:14)
  A wight (D:13)
  A hound (D:13)
  An orc priest (Orc:1)
  2 worker ants (D:4)
  An orc wizard (Orc:1)
  A sheep (Lair:8)
  A shadow imp (D:13)
  A worm (D:4)
  An orc (D:13)
  A giant cockroach (D:4)
  A giant newt (D:4)
  A fulminant prism (Lair:1)
  16 fungi
  6 plants
93 creatures vanquished.

Grand Total: 1031 creatures vanquished

Notes
Turn   | Place    | Note
--------------------------------------------------------------
     0 | Abyss:1  | Reinor the Spriggan Abyssal Knight began the quest for the Orb.
     0 | Abyss:1  | Reached XP level 1. HP: 11/11 MP: 3/3
    26 | Abyss:2  | Found a shimmering altar of Xom.
    39 | Abyss:2  | Noticed a small abomination
    42 | Abyss:2  | Got a smoking marble ring
    45 | Abyss:2  | Noticed a small abomination
    50 | D:1      | Escaped the Abyss
    51 | D:1      | Identified the ring "Zaecek" {*Tele rN+} (You found it on level 2 of the Abyss)
   413 | D:1      | Reached skill level 4 in Dodging
   461 | D:1      | Reached XP level 2. HP: 11/16 MP: 4/4
   501 | D:1      | Reached * piety under Lugonu
   525 | D:1      | Reached skill level 1 in Stealth
  1103 | D:1      | Reached XP level 3. HP: 16/19 MP: 5/5
  1610 | D:2      | Noticed Ijyb
  1633 | D:2      | Killed Ijyb
  1633 | D:2      | Reached ** piety under Lugonu
  1633 | D:2      | Reached XP level 4. HP: 18/23 MP: 6/6
  1749 | D:2      | Noticed Sigmund
  1917 | D:2      | Killed Sigmund
  1917 | D:2      | Reached skill level 5 in Stealth
  1917 | D:2      | Reached XP level 5. HP: 10/27 MP: 7/7
  2888 | D:3      | Reached skill level 5 in Short Blades
  2908 | D:2      | Reached skill level 6 in Stealth
  2982 | D:3      | Reached XP level 6. HP: 23/32 MP: 8/8
  3189 | D:3      | Reached *** piety under Lugonu
  3548 | D:3      | Reached skill level 7 in Stealth
  3800 | D:3      | Found a basalt altar of Yredelemnul.
  3993 | D:4      | Found a shimmering altar of Xom.
  4086 | D:4      | Reached XP level 7. HP: 30/35 MP: 9/9
  4093 | D:4      | Reached **** piety under Lugonu
  4270 | D:4      | Reached skill level 8 in Stealth
  4442 | D:4      | Found a staircase to the Ecumenical Temple.
  4454 | Temple   | Entered the Ecumenical Temple
  4502 | D:4      | Found a sparkling altar of Nemelex Xobeh.
  4612 | D:5      | Entered Level 5 of the Dungeon
  4704 | D:5      | Noticed Crazy Yiuf
  4713 | D:5      | Killed Crazy Yiuf
  4743 | D:5      | Reached skill level 5 in Dodging
  4897 | D:5      | Reached XP level 8. HP: 36/40 MP: 12/12
  4964 | D:5      | Found a burning altar of Makhleb.
  5051 | D:5      | Found a bloodstained altar of Trog.
  5052 | D:5      | Noticed a wizard
  5059 | D:5      | Killed a wizard
  5493 | D:6      | Found a stormy altar of Qazlal.
  5494 | D:6      | Reached skill level 9 in Stealth
  5938 | D:6      | Reached skill level 10 in Stealth
  5952 | D:6      | Reached ***** piety under Lugonu
  6276 | D:7      | Found a deep blue altar of Sif Muna.
  6867 | D:7      | Found Suimol's Weapon Shop.
  6967 | D:7      | Noticed Joseph
  6972 | D:7      | Killed Joseph
  6972 | D:7      | Reached skill level 11 in Stealth
  6972 | D:7      | Reached XP level 9. HP: 44/44 MP: 13/13
  7045 | D:6      | Noticed a deep elf mage
  7045 | D:6      | Noticed a griffon
  7045 | D:6      | Noticed a hill giant
  7373 | D:7      | Reached skill level 12 in Stealth
  7891 | D:8      | Reached skill level 5 in Invocations
  8208 | D:8      | Found Qyfuquoff's General Store.
  8211 | D:8      | Bought a potion of heal wounds for 70 gold pieces
  8223 | D:8      | Found a staircase to the Lair.
  8290 | D:8      | Noticed Erica
  8791 | D:8      | Killed Erica
  8965 | D:8      | Found a shattered altar of Ashenzari.
  9003 | D:8      | Reached XP level 10. HP: 49/49 MP: 15/15
  9597 | D:9      | Reached skill level 10 in Short Blades
  9636 | D:9      | Noticed an unseen horror
  9676 | D:9      | Killed an unseen horror
  9905 | D:9      | Found Dotzawan's Serpentskin Sales.
 10073 | D:10     | Entered Level 10 of the Dungeon
 10170 | D:10     | Noticed an unseen horror
 10199 | D:10     | Killed an unseen horror
 10199 | D:10     | Reached skill level 5 in Fighting
 10199 | D:10     | Reached skill level 10 in Dodging
 10544 | D:10     | Noticed a hill giant
 10569 | D:10     | Killed a hill giant
 10801 | D:10     | Got a faintly glowing robe
 10812 | D:10     | Identified the +1 robe of the Sailor {rC+ rN+ Dex+5} (You found it on level 10 of the Dungeon)
 10836 | D:10     | Noticed a hill giant
 10858 | D:10     | Killed a hill giant
 10858 | D:10     | Reached ****** piety under Lugonu
 10858 | D:10     | Reached skill level 1 in Spellcasting
 10858 | D:10     | Reached XP level 11. HP: 51/56 MP: 16/16
 11549 | D:6      | Killed a deep elf mage
 11586 | D:6      | Killed a griffon
 11598 | D:6      | Killed a hill giant
 11854 | D:11     | Reached skill level 13 in Stealth
 11854 | D:11     | Reached skill level 5 in Spellcasting
 11952 | D:11     | Noticed a white ugly thing
 11998 | D:11     | Noticed a hill giant
 12032 | D:11     | Killed a hill giant
 12103 | D:11     | Found Sanaw's Weapon Emporium.
 12272 | D:8      | Bought the +7 blowgun of the Six Souls {evade, Str+4} for 747 gold pieces
 12388 | D:9      | Bought 17 poisoned needles for 95 gold pieces
 12563 | D:11     | Got a shimmering ivory ring
 12566 | D:11     | Identified the ring of Xoatizoi {rN+ Dex+5 Stlth+} (You found it on level 11 of the Dungeon)
 12669 | D:11     | Noticed a deep elf mage
 12681 | D:11     | Noticed a skeletal warrior
 12684 | D:11     | Killed a deep elf mage
 12696 | D:11     | Killed a skeletal warrior
 12722 | D:11     | Reached skill level 14 in Stealth
 12730 | D:11     | Noticed an unseen horror
 12809 | D:11     | Killed an unseen horror
 12964 | D:11     | Reached skill level 1 in Throwing
 12978 | D:11     | Killed a white ugly thing
 13029 | D:11     | Noticed an orange crystal statue
 13062 | D:11     | Noticed a hill giant
 13065 | D:11     | Killed a hill giant
 13290 | D:11     | Reached skill level 15 in Stealth
 13842 | D:12     | Noticed a hill giant
 13846 | D:12     | Reached XP level 12. HP: 61/61 MP: 22/22
 13878 | D:12     | Found a flagged portal.
 13920 | D:12     | Learned a level 4 spell: Fulminant Prism
 13925 | Bailey   | Entered a bailey
 13925 | Bailey   | Noticed Reinor's ghost (novice SpAK)
 13957 | Bailey   | Killed Reinor's ghost
 15224 | Bailey   | Reached skill level 5 in Throwing
 15629 | D:12     | Gained mutation: Armour fits poorly on your strangely shaped body. [a neqoxec]
 15661 | D:12     | Identified a scroll of acquirement
 15666 | D:12     | Gained mutation: You tend to lose your temper in combat. [a neqoxec]
 15696 | D:12     | Lost mutation: Armour fits poorly on your strangely shaped body. [potion of cure mutation]
 15696 | D:12     | Lost mutation: You tend to lose your temper in combat. [potion of cure mutation]
 15793 | D:12     | Found a portal to a secret trove of treasure.
 15906 | D:12     | Found a staircase to the Orcish Mines.
 16004 | D:12     | Found a roughly hewn altar of Beogh.
 16226 | D:12     | Reached skill level 1 in Shields
 16270 | D:12     | Identified a +9 quick blade of distortion (a +8 quick blade corrupted by Lugonu)
 16270 | D:12     | Received a gift from Lugonu
 16627 | D:13     | Found a frozen archway.
 16676 | IceCv    | Entered an ice cave
 17005 | IceCv    | Reached skill level 5 in Shields
 17183 | IceCv    | Reached XP level 13. HP: 53/68 MP: 23/23
 17507 | IceCv    | Noticed a frost giant
 17536 | IceCv    | Killed a frost giant
 17536 | IceCv    | Reached skill level 16 in Stealth
 17576 | IceCv    | Identified a +3 rod of ignition (14/14) (You found it in an ice cave)
 17591 | IceCv    | Learned a level 5 spell: Metabolic Englaciation
 18076 | D:13     | Reached skill level 17 in Stealth
 19360 | D:14     | Reached skill level 18 in Stealth
 19418 | D:14     | Found a gate to the Vaults.
 19953 | D:14     | Reached XP level 14. HP: 73/73 MP: 24/24
 20076 | D:14     | Reached skill level 15 in Dodging
 20220 | D:15     | Entered Level 15 of the Dungeon
 20259 | D:15     | Reached skill level 1 in Hexes
 20382 | D:15     | Reached skill level 19 in Stealth
 20794 | D:15     | Reached skill level 5 in Hexes
 21230 | D:15     | Found a staircase to the Depths.
 21508 | D:13     | Reached skill level 20 in Stealth
 21528 | Orc:1    | Entered Level 1 of the Orcish Mines
 21532 | Orc:1    | Found a roughly hewn altar of Beogh.
 21981 | Orc:2    | Entered Level 2 of the Orcish Mines
 21981 | Orc:2    | Found Fokat's General Store.
 22050 | Orc:2    | Bought a potion of curing for 36 gold pieces
 22169 | Orc:2    | Found Lyloj's Antique Weapon Shoppe.
 22169 | Orc:2    | Noticed an orc warlord
 22527 | Orc:1    | Killed an orc warlord
 22851 | Orc:1    | Noticed Erolcha
 22858 | Orc:1    | Killed Erolcha
 23051 | Orc:2    | Found Qoer's Book Emporium.
 23086 | Orc:2    | Bought a book of Minor Magic for 300 gold pieces
 23086 | Orc:2    | Bought a book of Geomancy for 525 gold pieces
 23086 | Orc:2    | Bought a book of Maledictions for 375 gold pieces
 23090 | Orc:2    | Learned a level 3 spell: Tukima's Dance
 23099 | Orc:2    | Learned a level 4 spell: Petrify
 23102 | Orc:2    | Learned a level 2 spell: Repel Missiles
 23109 | Orc:2    | Learned a level 2 spell: Ensorcelled Hibernation
 23113 | Orc:2    | Learned a level 3 spell: Dazzling Spray
 23116 | Orc:2    | Learned a level 2 spell: Passwall
 23246 | Orc:2    | Found a staircase to the Elven Halls.
 23565 | Orc:2    | Found Uquener's Antique Armour Shop.
 23936 | Orc:2    | Reached skill level 21 in Stealth
 23945 | Orc:2    | Reached skill level 1 in Transmutations
 24952 | Orc:2    | Reached XP level 15. HP: 77/77 MP: 25/25
 25065 | Orc:2    | Noticed an orc warlord
 25095 | Orc:2    | Killed an orc warlord
 25332 | Elf:1    | Entered Level 1 of the Elven Halls
 25338 | Elf:1    | Reached skill level 10 in Hexes
 25354 | Elf:1    | Reached skill level 5 in Transmutations
 25560 | Elf:1    | Found a deep blue altar of Sif Muna.
 25663 | Elf:1    | HP: 3/77 [deep elf archer/arrow (23)]
 26084 | Lair:1   | Entered Level 1 of the Lair of Beasts
 26780 | Lair:1   | Noticed WhatIsLove's ghost (journeyman DsMo)
 26799 | Lair:1   | Banished WhatIsLove's ghost
 27695 | Lair:3   | Noticed Urug
 27701 | Lair:3   | Killed Urug
 27752 | Lair:3   | Found a staircase to the Shoals.
 27839 | Lair:3   | Noticed Nergalle
 27848 | Lair:3   | Killed Nergalle
 28527 | Lair:4   | Reached skill level 1 in Earth Magic
 28531 | Lair:4   | Found a staircase to the Snake Pit.
 29228 | Lair:5   | Reached skill level 10 in Transmutations
 30036 | Lair:6   | Found a viscous altar of Jiyva.
 30036 | Lair:6   | Found a staircase to the Slime Pits.
 31204 | Lair:8   | Entered Level 8 of the Lair of Beasts
 31253 | Lair:8   | Reached XP level 16. HP: 84/84 MP: 26/26
 31398 | Lair:8   | Reached skill level 10 in Fighting
 31432 | Lair:8   | Reached skill level 1 in Evocations
 31471 | Lair:8   | Reached skill level 5 in Earth Magic
 31582 | Lair:8   | Found a snail-covered altar of Cheibriados.
 32182 | Lair:8   | Reached skill level 5 in Evocations
 32289 | Lair:8   | Learned a level 2 spell: Blink
 32631 | Snake:1  | Entered Level 1 of the Snake Pit
 32697 | Snake:1  | Shot with a bolt by a naga sharpshooter

Vault maps used:
D:1:      dpeg_arrival_three_smaller_balls, minmay_misc_feat_four_crosses
D:2:      first_bread, minmay_cut_off, uniq_sigmund, uniq_iyjb
D:3:      kennysheep_the_goblin_king, nicolae_overflow_crystal_walls
D:4:      nicolae_overflow_hidden_temple, xom_confusion_cloud, temple_hall
D:5:      basic_altar, trog_wizard, uniq_crazy_yiuf_cottage
D:6:      minmay_klotski, grunt_qazlal_clouds, kennysheep_opposing_triangles
D:7:      lemuel_doored_altar, serial_shops, nicolae_shop_crystal,
          grunt_ogre_cave, uniq_joseph
D:8:      ashenzari_conservatory_becter, lair_0_dummy, serial_shops,
          nicolae_shop_behind_doors, uniq_erica
D:9:      guppyfry_shop_venom
D:11:     minmay_curly_fans, serial_shops, shop, minivault_15, minivault_24
D:12:     david_orc_2, special_room, trove_entry_hex_spiral, enter_bailey_2,
          minmay_misc_feat_alley, kennysheep_big_empty_room
D:13:     portal_ice_cave_entry_ice_beasts, serial_bayou, serial_bayou_pond_c,
          serial_bayou_lagoon_a, serial_bayou_crossing, serial_bayou_shore_b,
          serial_bayou_lake_a, nrook_pool_corridor
D:14:     hangedman_vaults_entry_quadrant_bands, kennysheep_flooded_box
D:15:     grunt_enter_depths_magical_seal, minmay_variable_closet,
          einodemon_crawler_minivault
Temple:   minmay_temple_curvy_14
Lair:1:   kennysheep_rathole, guppyfry_lair_drakes
Lair:2:   lemuel_old_faithful
Lair:3:   minmay_shoals_entry_beasts, lemuel_fruit_fields, uniq_nergalle,
          uniq_urug
Lair:4:   minmay_snake_entry_six_corridors, serial_bayou_pond_c,
          serial_bayou_pond_b
Lair:6:   slime_altar_1, lemuel_fruit_fields
Lair:7:   infiniplex_staircase_pool, grunt_megastairs_4, serial_bayou_shore_b
Lair:8:   evilmike_catoblepas_cave, basic_altar, infiniplex_staircase_pool_2
Snake:1:  nicolae_snake_hallway, st_stairs_7
Orc:1:    basic_altar, uniq_erolcha
Orc:2:    grunt_orc_gardens, grunt_orc_garden, grunt_orc_garden,
          grunt_orc_garden, grunt_orc_garden, guppyfry_orc_lava_fort
Elf:1:    minmay_elf_arrival_plus, serial_shops, shop, basic_altar,
          hangedman_elf_represent
Bailey:   bailey_polearm_flooded_kennysheep, bailey
IceCv:    ice_cave_caverns_02

Action                   |  1- 3 |  4- 6 |  7- 9 | 10-12 | 13-15 | 16-18 || total
-------------------------+-------+-------+-------+-------+-------+-------++-------
Melee: Short sword       |   121 |    74 |       |       |       |       ||   195
       Dagger            |       |   197 |   422 |   916 |       |       ||  1535
       Rapier            |       |       |    39 |   188 |       |       ||   227
       Quick blade       |       |       |       |   372 |  1680 |   347 ||  2399
 Fire: Blowgun           |       |       |       |   106 |    39 |       ||   145
Throw: Tomahawk          |       |    24 |    26 |    16 |     1 |       ||    67
       Throwing net      |       |       |     6 |     3 |     1 |       ||    10
 Cast: Dazzling Spray    |       |       |       |       |    29 |    13 ||    42
       Ensorcelled Hiber |       |       |       |       |    24 |       ||    24
       Repel Missiles    |       |       |       |       |     1 |       ||     1
       Tukima's Dance    |       |       |       |       |     1 |       ||     1
       Fulminant Prism   |       |       |       |       |     1 |       ||     1
       Petrify           |       |       |       |       |       |     6 ||     6
Invok: Depart the Abyss  |     1 |       |       |       |       |       ||     1
       Brand Weapon With |       |       |       |     1 |       |       ||     1
       Bend Space        |       |       |       |       |     1 |       ||     1
Evoke: Wand              |       |       |       |    21 |       |     1 ||    22
       Rod               |       |       |       |       |     4 |       ||     4
  Use: Scroll            |     2 |    11 |     8 |    13 |    18 |     1 ||    53
       Potion            |       |     1 |     4 |     8 |     7 |       ||    20
 Stab: Sleeping          |     3 |     5 |    36 |    43 |   147 |    18 ||   252
       Held in net/web   |       |       |     4 |     1 |       |       ||     5
       Distracted        |       |       |     1 |     8 |    25 |     2 ||    36
       Invisible         |       |       |     2 |       |    15 |     4 ||    21
       Confused          |       |       |       |    11 |       |       ||    11
       Petrifying        |       |       |       |       |     1 |     1 ||     2
  Eat: Fruit             |       |       |     2 |     1 |     3 |     1 ||     7
       Royal jelly       |       |       |     2 |     1 |     1 |       ||     4
       Bread ration      |       |       |       |     1 |     2 |       ||     3
       Pizza             |       |       |       |       |     1 |     1 ||     2
